 Dungeon Crawl Stone Soup version 0.19-a0-1732-g0b18a7b (webtiles) character file.

415 4thArraOfDagon the Sneak (level 6, -4/32 HPs)
             Began as a Spriggan Monk on Sept 30, 2016.
             Was a Believer of Ashenzari.
             Slain by a worker ant (7 damage)
             ... while paralysed
             ... on level 5 of the Dungeon.
             The game lasted 00:05:39 (943 turns).

4thArraOfDagon the Sneak (Spriggan Monk)             Turns: 943, Time: 00:05:39

Health: -4/32      AC:  2    Str:  7    XL:     6   Next: 60%
Magic:  7/7        EV:  4    Int: 11    God:    Ashenzari [**....]
Gold:   110        SH:  0    Dex: 21    Spells: 0 memorised, 5 levels left

rFire  + . .     SeeInvis +     a - +1 short sword
rCold  x . .     Gourm    .     b - +0 robe
rNeg   . . .     Faith    .     (shield restricted)
rPois  .         Spirit   .     (helmet restricted)
rElec  .         Dismiss  .     (no cloak)
rCorr  .         Reflect  .     (gloves unavailable)
MR     +....     Harm     +     (boots unavailable)
Stlth  ++++......               g - amulet of harm
                                (no ring)
                                i - ring of fire (curse)

@: paralysed, lethally poisoned (-4 -> -9), exhausted, slowed, very quick
A: unfitting armour, see invisible, herbivore 3, speed 3, slow metabolism 2
a: Curse Item, Scrying, Renounce Religion


You were on level 5 of the Dungeon.
You worshipped Ashenzari.
Ashenzari was pleased with you.
You were not hungry.

You visited 1 branch of the dungeon, and saw 6 of its levels.

You collected 110 gold pieces.

Inventory:

Hand Weapons
 a - a +1 short sword (weapon)
Armour
 b - a +0 robe (worn)
Jewellery
 g - an amulet of harm (around neck)
 i - a cursed ring of fire (left hand)
Wands
 p - a wand of flame (6/48)
Scrolls
 d - 2 scrolls of teleportation
 h - 2 scrolls of fog {unknown}
Potions
 f - 2 potions of lignification {unknown}
 j - a potion of curing {unknown}
 o - a potion of haste {unknown}
Books
 n - a book of Geomancy

   Spells                             Type                      Level
   a - Sandblast                      Earth                        1
   b - Passwall                       Transmutation/Earth          2
   c - Stone Arrow                    Conjuration/Earth            3
   d - Petrify                        Transmutation/Earth          4
   e - Lee's Rapid Deconstruction     Earth                        5
Comestibles
 c - 2 bread rations
 l - 6 fruits
 m - a slice of pizza


   Skills:
 - Level 2.4 Fighting
 * Level 5.9 Short Blades
 + Level 6.0 Dodging
 * Level 7.3 Stealth


You had 5 spell levels left.
You didn't know any spells.

Dungeon Overview and Level Annotations

Branches:
Dungeon (6/15)
 Temple: D:4-7

Altars:
Ashenzari
Fedhas
Hepliaklqana
Nemelex Xobeh
Uskayaw
Vehumet
Yredelemnul

Shops:
D:5 (


Innate Abilities, Weirdness & Mutations

You are very small and have problems with some larger weapons.
You are too small for most types of armour.
You have supernaturally acute eyesight. (SInv)
You are a herbivore.
You cover ground extremely quickly.
You need consume almost no food.


Message History

You hit the worker ant.
The worker ant is moderately wounded.
The worker ant completely misses you.
You barely miss the worker ant.
The worker ant is moderately wounded.
You hit the worker ant.
The worker ant is severely wounded.
You are no longer berserk.
You pass out from exhaustion.
You feel yourself slow down. The worker ant bites you.
The worker ant bites you.
You are poisoned.
The worker ant poisons you!
The crimson imp blinks!
You feel sick. The worker ant bites you.
* * * LOW HITPOINT WARNING * * *
The worker ant waves its antennae.
You feel sick. The worker ant bites you.
* * * LOW HITPOINT WARNING * * *
The worker ant bites you.
You die...

..,, ,, *.# * .# , .# #.# *
.# ..# ##.####.########
#(......##.....#
#.......##.....#
#.#####.##.....#
#@##....##.....#
#a##[##.##.....# #a..a...#
#.# ####c#### #.####
##.(...# #....##
##..#.#a#####......
#⌠.c#......a....... **
######.∩.###(####.....## ,
#####.....⌠.5.<..##.....####


You could see 2 worker ants.

Vanquished Creatures
  A sky beast (D:5)
  An ice beast (D:5)
  An ogre (D:5)
  A centaur (D:5)
  An orc wizard (D:5)
  A hound skeleton (D:5)
  An adder zombie (D:5)
  2 dart slugs (D:4)
  2 orcs (D:5)
  A hobgoblin (D:2)
  4 jackals (D:4)
  A kobold (D:5)
17 creatures vanquished.

Notes
Turn   | Place    | Note
-------+----------+-------------------------------------------
     0 | D:1      | 4thArraOfDagon the Spriggan Monk began the quest for the Orb.
     0 | D:1      | Reached XP level 1. HP: 11/11 MP: 2/2
   201 | D:4      | Found a sparkling altar of Nemelex Xobeh.
   248 | D:4      | Found a shattered altar of Ashenzari.
   252 | D:4      | Became a worshipper of Ashenzari the Shackled
   252 | D:4      | Reached * piety under Ashenzari
   252 | D:4      | Reached ** piety under Ashenzari
   258 | D:4      | Found a hide-covered altar of Uskayaw.
   261 | D:4      | Found a basalt altar of Yredelemnul.
   293 | D:4      | Noticed a phantom
   316 | D:4      | Noticed an orc priest
   326 | D:5      | Entered Level 5 of the Dungeon
   382 | D:5      | Found a blossoming altar of Fedhas.
   478 | D:5      | Reached XP level 2. HP: 14/16 MP: 3/3
   505 | D:5      | Found a radiant altar of Vehumet.
   506 | D:5      | Noticed an ice beast
   523 | D:5      | Reached skill level 4 in Stealth
   564 | D:5      | Noticed an ogre
   647 | D:5      | Killed an ogre
   647 | D:5      | Reached skill level 5 in Dodging
   647 | D:5      | Reached skill level 5 in Stealth
   647 | D:5      | Reached XP level 3. HP: 19/19 MP: 4/4
   647 | D:5      | Reached XP level 4. HP: 23/23 MP: 5/5
   698 | D:5      | Killed an ice beast
   698 | D:5      | Reached skill level 5 in Short Blades
   698 | D:5      | Reached skill level 6 in Stealth
   698 | D:5      | Reached XP level 5. HP: 27/27 MP: 6/6
   731 | D:5      | Found Ysae's Weapon Shoppe.
   747 | D:5      | Noticed a sky beast
   751 | D:5      | Noticed a centaur
   780 | D:6      | Noticed a centaur
   780 | D:6      | Noticed a water moccasin
   856 | D:4      | Found a hazy altar of Hepliaklqana.
   926 | D:5      | Killed a sky beast
   926 | D:5      | Reached XP level 6. HP: 32/32 MP: 7/7
   933 | D:5      | Reached skill level 7 in Stealth
   943 | D:5      | Slain by a worker ant

Vault maps used:
D:1:      matt_arrival_grand_opening, st_stairs_14
D:3:      uniq_terence, uniq_natasha
D:4:      kennysheep_slugbush, kennysheep_mini,
          nemelex_xobeh_ov_fountains_minmay, grunt_temple_overflow_cloverleaf,
          first_bread
D:5:      fedhas_altar_fruit_tree, serial_shops, shop_fountains,
          vehumet_altar_wand_db

Skill      XL: |  1  2  3  4  5  6 |
---------------+-------------------+-----
Stealth        | 5 6 7 |  7.3
Short Blades   | 4 5 |  5.9
Dodging        | 5 6 |  6.0
Fighting       | |  2.4

Action                   |  1- 3 |  4- 6 || total
-------------------------+-------+-------++-------
Melee: Short sword       |    16 |    29 ||    45
Evoke: Wand              |     5 |    14 ||    19
  Use: Scroll            |     5 |     1 ||     6
       Potion            |       |     2 ||     2
 Stab: Sleeping          |     1 |     8 ||     9
Armor: Robe              |       |     2 ||     2
Dodge: Dodged            |    13 |    24 ||    37
